 Dungeon Crawl Stone Soup version 0.29-a0-857-g9b1aa3ac5b (webtiles) character file.

Game seed: 10533523566309529429

2180 concernfroge the Fighter (level 9, 0/78 HPs)
             Began as a Mummy Monk on July 16, 2022.
             Was an Initiate of Gozag.
             Slain by a yak (12 damage)
             ... on level 6 of the Dungeon.
             The game lasted 00:24:49 (8261 turns).

concernfroge the Fighter (Mummy Monk)               Turns: 8261, Time: 00:24:50

Health: 0/78       AC: 14    Str: 27    XL:     9   Next: 11%
Magic:  9/9        EV:  6    Int:  9    God:    Gozag
Gold:   690        SH: 12    Dex: 15    Spells: 8/8 levels left

rFire   x . .      SeeInvis .   j - +0 morningstar
rCold   + . .      Faith    .   i - +0 kite shield
rNeg    + + +      Spirit   .   c - +1 plate armour
rPois   ∞          Reflect  +   (no helmet)
rElec   .          Harm     .   (no cloak)
rCorr   .          Rampage  .   l - +0 pair of gloves
Will    +....                   k - +1 pair of boots
Stlth   ..........              f - amulet of reflection
HPRegen 0.23/turn               a - ring of flight
MPRegen 0.11/turn               d - +9 ring of strength

@: gold aura, flying
A: cold resistance 1, negative energy resistance 3, torment resistance 2, heat
vulnerability 1, in touch with death 1, no potions
a: Renounce Religion, Potion Petition, Call Merchant, Bribe Branch


You were on level 6 of the Dungeon.
You worshipped Gozag.
Gozag was pleased with you.
You visited 2 branches of the dungeon, and saw 8 of its levels.

You collected 1470 gold pieces.
You spent 780 gold pieces at shops.

Inventory:

Hand Weapons
 j - a +0 morningstar (weapon)
 m - a +0 dire flail of flaming
Armour
 c - a +1 plate armour (worn)
 i - a +0 kite shield (worn)
 k - a +1 pair of boots (worn)
 l - a +0 pair of gloves (worn)
Jewellery
 a - a ring of flight (left hand)
 d - a +9 ring of strength (right hand)
 f - an amulet of reflection (around neck)
Wands
 g - a wand of roots (7)
Scrolls
 e - 2 scrolls of magic mapping
 h - 3 scrolls of teleportation
 n - a scroll of immolation


   Skills:
 - Level 10.0 Fighting
 + Level 6.2 Maces & Flails
 - Level 2.4 Polearms
 - Level 2.4 Dodging
 - Level 1.5 Stealth


You had 8 spell levels left.
You didn't know any spells.
Your spell library contained the following spells:

 Spells                   Type           Power      Damage    Failure   Level
 Summon Small Mammal      Summ           0%         N/A       100%        1
 Ensorcelled Hibernation  Hex/Ice        0%         N/A       100%        2
 Passwall                 Tmut/Erth      0%         N/A       100%        2
 Call Canine Familiar     Summ           0%         N/A       100%        3
 Dazzling Flash           Conj/Hex       0%         N/A       100%        3
 Ozocubu's Armour         Ice            0%         N/A       100%        3
 Summon Guardian Golem    Hex/Summ       0%         N/A       100%        3
 Swiftness                Air            0%         N/A       100%        3
 Agony                    Necr           0%         N/A       100%        5
 Silence                  Hex/Air        0%         N/A       100%        5
 Ozocubu's Refrigeration  Ice            0%         4d5       100%        7


Dungeon Overview and Level Annotations

Branches:
Dungeon (7/15)             Temple (1/1) D:4

Altars:
Ashenzari
Cheibriados
Fedhas
Gozag
Kikubaaqudgha
Makhleb
Nemelex Xobeh
Okawaru
Qazlal
Ru
Sif Muna
Wu Jian
Xom
Yredelemnul

Shops:
D:1 =:   D:4 *


Innate Abilities, Weirdness & Mutations

You are immune to poison.
Your flesh is cold resistant. (rC+)
You are immune to negative energy. (rN+++)
You are immune to unholy pain and torment.
You are vulnerable to heat. (rF-)
You are in touch with the powers of death.
You do not drink.


Message History

There is a stone staircase leading up here.
The yak gores you. The yak gores you but does no damage.
You fly upwards.
There is a stone staircase leading down here.
You hit the yak but do no damage. The yak gores you!
The yak gores you but does no damage.
You barely miss the yak. The yak gores you but does no damage.
The yak barely misses you.
You hit the yak.
The yak is lightly wounded.
The yak gores you. The yak closely misses you. You block the yak's attack.
The yak gores you.
You sock the yak!
The yak is moderately wounded.
The yak gores you. You block the yak's attack.
You hit the yak.
The yak is heavily wounded.
You block the yak's attack. x2; The yak gores you but does no damage.
The yak gores you!
You hit the yak.
The yak is heavily wounded.
You block the yak's attack. The yak gores you but does no damage.
You sock the yak!
The yak is almost dead.
You block the yak's attack. x2
You hit the yak but do no damage.
The yak is almost dead.
The yak gores you. x2; The yak gores you!
* * * LOW HITPOINT WARNING * * *
The yak gores you but does no damage.
You sock the yak!
You kill the yak!
The yak gores you!
* * * LOW HITPOINT WARNING * * *
Your Maces & Flails skill increases to level 6!
You puncture the yak!
The yak is moderately wounded.
The yak gores you but does no damage. The yak gores you!
You die...
Your body crumbles into a pile of gold.

##<# #....# ##.# #..#
###.##.####...
#.####.(.##..#....# ###.#
#..#####.....## ###...#
#.## #....).## #...### #.#
#)))...# ##### ##.#
#..##.## ###..####..##.#
###@..###....##.##
#######.Y$###.....###..###
#........####....## ##....
#........###...### ##....
#........##..### #.....
#.........#..###### #.....
#.................###.<...
#........##..####.........
#........#..## #####.....


You could see a yak.

Vanquished Creatures
  2 yaks (D:6)
  An orc warrior (D:4)
  An ice beast (D:5)
  2 ogres (D:4)
  2 centaurs
  A phantom (D:4)
  A kobold brigand (D:6)
  A scorpion (D:4)
  3 necrophages (D:4)
  3 wights (D:6)
  2 howler monkeys
  6 hounds
  A jelly (D:5)
  A gnoll bouda (D:5)
  An orc priest (D:7)
  6 iguanas
  2 orc wizards (D:7)
  9 gnolls
  9 adders
  2 shadow imps
  A white imp (D:5)
  4 ufetubi
  2 worms
  5 dart slugs
  10 orcs
  7 endoplasms
  A giant cockroach (D:3)
  6 goblins
  5 hobgoblins
  4 jackals (D:4)
  9 quokkas
  9 ball pythons
  8 bats
  12 kobolds
  6 rats
145 creatures vanquished.

Notes
Turn   | Place    | Note
-------+----------+-------------------------------------------
     0 | D:1      | concernfroge the Mummy Monk began the quest for the Orb.
     0 | D:1      | Reached XP level 1. HP: 18/18 MP: 1/1
   372 | D:1      | Reached XP level 2. HP: 23/24 MP: 2/2
   622 | D:1      | Reached skill level 4 in Fighting
   723 | D:1      | Found Afyisch's One-of-a-Kind Rings.
   822 | D:1      | Gained mutation: You are in touch with the powers of death.
                  | [Mummy growth]
   822 | D:1      | Reached XP level 3. HP: 30/30 MP: 3/3
   889 | D:1      | Found Icoecoj's Book Emporium.
  1455 | D:2      | Found a faded altar of an unknown god.
  1466 | D:2      | Reached skill level 5 in Fighting
  1466 | D:2      | Reached XP level 4. HP: 39/39 MP: 4/4
  2383 | D:3      | Identified the +1 leather armour of Theory {rCorr Int+2
                  | Dex+4}
  2535 | D:3      | Reached XP level 5. HP: 45/46 MP: 5/5
  2603 | D:3      | Found a sparkling altar of Nemelex Xobeh.
  3053 | D:4      | Reached skill level 6 in Fighting
  3421 | D:4      | Found a staircase to the Ecumenical Temple.
  3442 | D:4      | Reached XP level 6. HP: 38/53 MP: 6/6
  3448 | Temple   | Entered the Ecumenical Temple
  3534 | Temple   | Became a worshipper of Gozag Ym Sagoz the Greedy
  3728 | D:4      | Reached skill level 7 in Fighting
  3836 | D:4      | HP: 1/55 [ogre/+0 giant club (16)]
  3839 | D:5      | Entered Level 5 of the Dungeon
  3861 | D:5      | Noticed an ice beast
  4192 | D:4      | Found an ancient bone altar of Kikubaaqudgha.
  4192 | D:4      | Noticed an orc warrior
  4215 | D:4      | Identified a scroll of acquirement
  4215 | D:4      | Acquired 571 gold pieces
  4231 | D:4      | Killed an orc warrior
  4474 | D:4      | Reached skill level 8 in Fighting
  4474 | D:4      | Reached XP level 7. HP: 44/62 MP: 7/7
  4753 | D:4      | Found Rephekad's Assorted Antiques.
  5563 | D:1      | Bought a +9 ring of strength for 780 gold pieces
  5671 | D:4      | Reached skill level 9 in Fighting
  5842 | D:5      | Reached XP level 8. HP: 67/72 MP: 8/8
  5852 | D:5      | Reached skill level 10 in Fighting
  5873 | D:4      | Reached skill level 1 in Maces & Flails
  6755 | D:5      | Found a burning altar of Makhleb.
  7601 | D:7      | Found an iron altar of Okawaru.
  7612 | D:7      | Reached skill level 5 in Maces & Flails
  8142 | D:6      | Reached XP level 9. HP: 53/78 MP: 9/9
  8261 | D:6      | Slain by a yak

Illustrated notes

Levels and vault maps discovered:
D:1:      eino_arrival_cavern_c, layout_loops_cross, serial_shops,
          nicolae_shop_hallway_plus, nicolae_shop_unique_rings
D:2:      layout_loops_ring, chequers_ecumenical_altar_island,
          roderic_three_in_a_row
D:3:      layout_loops_corners, nemelex_xobeh_ov_fountains_minmay,
          minmay_circle_x
D:4:      layout_layer_cave, minmay_temple_entry_waves, serial_shops,
          nicolae_diamond_shop, minmay_ruined_shrine
D:5:      nicolae_BIG_FREAKIN_CUBE, layout_cave_pools, kennysheep_mini_moat
D:6:      layout_rooms, kennysheep_flooded_box
D:7:      layout_cave_pools, okawaru_ov_weapons_minmay, serial_shops, shop,
          uniq_duvessa
Temple:   nicolae_temple_hex_pool

Skill      XL: |  1  2  3  4  5  6  7  8  9 |
---------------+----------------------------+-----
Fighting       | 4 5 6 8 9 10 | 10.0
Maces & Flails | 5 6 |  6.2
Polearms       | |  2.4
Dodging        | |  2.4
Stealth        | |  1.5

Action                   |  1- 3 |  4- 6 |  7- 9 || total
-------------------------+-------+-------+-------++-------
Melee: Spear             |   158 |    71 |       ||   229
       Punch             |     1 |       |       ||     1
       Dire flail        |       |   128 |   154 ||   282
       Morningstar       |       |       |    88 ||    88
  Use: Scroll            |       |    13 |     2 ||    15
 Stab: Distracted        |       |     1 |     1 ||     2
Armor: Plate armour      |    99 |   140 |   207 ||   446
Dodge: Dodged            |    28 |    51 |    71 ||   150
Block: Kite shield       |       |       |    64 ||    64
       Other             |       |       |     9 ||     9
       Reflection        |       |       |     7 ||     7

Table legend: (Time is in decaauts)
 A = Elapsed time spent in this place.
 B = Non-inter-level travel time spent in this place.
 C = Inter-level travel time spent in this place.
 D = Time resting spent in this place.
 E = Time spent auto-exploring this place.
 F = Levels seen in this place.
 G = Mean time per level.
                   A        B        C        D        E       F      G
               +--------+--------+--------+--------+--------+-----+--------+
         Total |   8380 |   7869 |    511 |   1792 |   4758 |   8 | 1047.5 |
       Dungeon |   8214 |   7708 |    506 |   1792 |   4611 |   7 | 1173.4 |
        Temple |    165 |    160 |      5 |      0 |    147 |   1 |  165.0 |
               +--------+--------+--------+--------+--------+-----+--------+

Top non-repeatable levels by time:
     D:4: 2595 daAuts
     D:3: 1432 daAuts
     D:6: 1248 daAuts
     D:1: 1159 daAuts
     D:2: 850 daAuts
     D:5: 752 daAuts
     D:7: 174 daAuts
  Temple: 165 daAuts
